Bridgeport Sound Tigers vs Philadelphia Phantoms

Created - 23 septembre 2019 at 15:21

Simulating a Pre-Season

Goals
1 2 3 T
Bridgeport Sound Tigers 2 0 3 5
Philadelphia Phantoms 0 3 1 4
Shots
1 2 3 T
Bridgeport Sound Tigers 12 1 12 25
Philadelphia Phantoms 2 25 9 36

1st period

1. Bridgeport Sound Tigers , Michael Bunting 1 (Joni Tuulola 1, Justin Dowling 1) at 4:33
2. Bridgeport Sound Tigers , Par Lindholm 1 (Jacob Middleton 1, Brendan Leipsic 1) at 12:39

Penalties :
Emil Johansson (PHA) for Hooking (Minor) at 17:13

2nd period

3. Philadelphia Phantoms , Dennis Cholowski 2 (Joshua Ho-Sang 2, Zac Dalpe 3) at 1:29 (PP)
4. Philadelphia Phantoms , Ryan Kuffner 1 (Zac Dalpe 4, Joshua Ho-Sang 3) at 19:13
5. Philadelphia Phantoms , Martin Necas 1 (Dakota Mermis 1) at 19:48

Penalties :
Drake Batherson (SND) for Hooking (Minor) at 1:22, Jacob Middleton (SND) for Tripping (Minor) at 2:30, Joshua Ho-Sang (PHA) for Roughing (Minor) at 12:49

3rd period

6. Bridgeport Sound Tigers , Brendan Leipsic 3 (Justin Scott 1) at 0:32
7. Bridgeport Sound Tigers , Brendan Leipsic 4 (Par Lindholm 2, Christian Fischer 2) at 6:06
8. Philadelphia Phantoms , Warren Foegele 1 (Martin Necas 3, Dennis Cholowski 1) at 6:39
9. Bridgeport Sound Tigers , Ryan Lomberg 1 (Evan McEneny 2, Michael Bunting 1) at 17:31

Penalties :
Christian Fischer (SND) for Hooking (Minor) at 0:54, Dale Weise (PHA) for Tripping (Minor) at 6:44, Jake Bean (PHA) for Fighting (Major) at 17:47, Jacob Middleton (SND) for Fighting (Major) at 17:47

Goalie Stats

Colton Phinney (SND), 32 saves from 36 shots - (0,889), W, 1-0-0, 60:00 minutes
Oscar Dansk (PHA), 20 saves from 25 shots - (0,800), L, 1-1-0, 59:00 minutes

Players Stats for Bridgeport Sound Tigers

Player Name              G  A  P  +/- PIM S  H  SB GA TA FO     MP     PP MP  PK MP  
------------------------------------------------------------------------------------
Andrew O'Brien           0  0  0   0  0   0  1  1  0  0  0/0    14:10   0:00   0:31 
Brendan Leipsic          2  1  3   1  0   6  3  0  0  0  1/5    15:27   2:11   0:36 
Christian Fischer        0  1  1   0  2   0  2  2  1  2  8/28   20:28   3:46   1:17 
Cole Schneider           0  0  0   0  0   0  1  1  0  0  0/0    19:51   3:46   0:41 
Drake Batherson          0  0  0   0  2   2  0  1  1  0  0/2    21:26   3:46   2:17 
Evan McEneny             0  1  1   1  0   1  4  1  0  0  0/0    25:12   4:01   2:20 
Jacob Middleton          0  1  1   1  7   1  0  1  0  1  0/0    18:29   1:56   0:39 
Joni Tuulola             0  1  1   1  0   1  0  1  0  0  0/0    21:09   1:56   1:45 
Joona Koppanen           0  0  0   1  0   0  1  1  0  0  0/0    11:22   0:00   1:09 
Justin Dowling           0  1  1   0  0   4  2  0  2  0  2/2    12:23   0:00   0:42 
Justin Scott             0  1  1   1  0   2  2  0  0  0  0/0    14:49   2:11   0:00 
Mathieu Olivier          0  0  0   0  0   0  1  0  0  0  0/0    11:41   0:00   0:00 
Matt Roy                 0  0  0   1  0   0  0  2  1  1  0/0    25:12   4:01   2:20 
Michael Bunting          1  1  2   0  0   3  0  1  1  0  0/1    13:11   0:00   1:28 
Par Lindholm             1  1  2   1  0   3  2  0  1  1  0/0    14:49   2:11   0:00 
Patrick Sieloff          0  0  0   0  0   1  0  1  0  0  0/0    15:46   0:00   0:35 
Ryan Lomberg             1  0  1   1  0   1  1  0  0  0  0/0    10:13   0:00   0:00 
Steven Lorentz           0  0  0   1  0   0  2  0  0  0  2/4    10:13   0:00   0:00 

Players Stats for Philadelphia Phantoms

Player Name              G  A  P  +/- PIM S  H  SB GA TA FO     MP     PP MP  PK MP  
------------------------------------------------------------------------------------
A.J. Greer               0  0  0   1  0   2  2  0  0  1  0/1    16:57   1:42   0:00 
Dakota Mermis            0  1  1   0  0   1  2  0  0  0  0/0    19:24   1:39   2:23 
Dale Weise               0  0  0  -3  2   3  1  0  1  0  2/2    22:16   2:14   1:49 
Dean Kukan               0  0  0  -2  0   1  0  0  0  0  0/0    12:51   0:00   0:00 
Dennis Cholowski         1  1  2   0  0   3  1  1  0  1  0/0    27:16   2:26   3:28 
Dennis Yan               0  0  0  -1  0   0  1  0  0  0  1/2     9:05   0:09   1:50 
Dryden Hunt              0  0  0  -1  0   1  0  0  0  0  0/0    10:35   0:00   0:00 
Emil Johansson           0  0  0  -2  2   0  0  0  0  1  0/0    13:14   0:00   0:06 
German Rubtsov           0  0  0  -1  0   3  2  0  1  0  3/3     9:24   0:00   0:00 
Jake Bean                0  0  0   0  5   1  0  1  0  1  0/0    19:51   1:39   2:29 
Joshua Ho-Sang           0  2  2   0  2   6  1  0  1  0  0/1    16:35   2:14   0:57 
Juuso Valimaki           0  0  0   0  0   1  1  1  0  1  0/0    27:16   2:26   3:28 
Lias Andersson           0  0  0  -2  0   0  0  3  2  1  0/2    14:33   0:09   2:29 
Martin Necas             1  1  2   1  0   3  2  1  0  0  5/10   18:26   1:42   1:15 
Ryan Kuffner             1  0  1   1  0   1  0  0  0  0  0/0     4:25   0:09   0:36 
Ty Lewis                 0  0  0  -1  0   1  1  0  0  0  0/0     9:23   0:00   0:00 
Warren Foegele           1  0  1   1  0   3  1  0  0  1  1/1    17:10   1:42   0:00 
Zac Dalpe                0  2  2  -1  0   6  4  1  0  0  17/20  25:15   2:14   2:58 

3 Stars

1 - Brendan Leipsic (SND)
2 - Par Lindholm (SND)
3 - Martin Necas (PHA)

Power Play

Bridgeport Sound Tigers - 0 on 3 Attempt(s) - 0,00%
Philadelphia Phantoms - 1 on 3 Attempt(s) - 33,33%

Penalty Kill

Bridgeport Sound Tigers - 2 on 3 Attempt(s) - 66,67% - Score 0 goal in Penalty Kill
Philadelphia Phantoms - 3 on 3 Attempt(s) - 100,00% - Score 0 goal in Penalty Kill

Team Stat

Bridgeport Sound Tigers - Hits : 22 - Faceoff Wins : 13 - Blocked Shots : 13 - Penalty Minutes : 11
Philadelphia Phantoms - Hits : 19 - Faceoff Wins : 29 - Blocked Shots : 8 - Penalty Minutes : 11

Official

Referees : Kyle Rehman and Dave Jackson
Linesman : Unknown

Game Notes

Jake Bean beats up Jacob Middleton at 17:47 of 3rd period

Bridgeport Sound Tigers

5 vs 5 Forward 
   Center                   Left Wing                Right Wing               Time % Phy DF OF 
 1 Christian Fischer        Cole Schneider           Drake Batherson          35     1   2  2  
 2 Brendan Leipsic          Par Lindholm             Justin Scott             30     1   2  2  
 3 Justin Dowling           Michael Bunting          Mathieu Olivier          20     1   2  2  
 4 Steven Lorentz           Joona Koppanen           Ryan Lomberg             15     1   2  2  

5 vs 5 Defense 
   Defense                  Defense                                           Time % Phy DF OF 
 1 Matt Roy                 Evan McEneny                                      40     1   2  2  
 2 Jacob Middleton          Joni Tuulola                                      30     1   2  2  
 3 Patrick Sieloff          Andrew O'Brien                                    20     1   2  2  
 4 Matt Roy                 Evan McEneny                                      10     1   2  2  

PowerPlay Forward 
   Center                   Left Wing                Right Wing               Time % Phy DF OF 
 1 Christian Fischer        Cole Schneider           Drake Batherson          60     1   2  2  
 2 Brendan Leipsic          Par Lindholm             Justin Scott             40     1   2  2  

PowerPlay Defense
   Defense                  Defense                                           Time % Phy DF OF 
 1 Matt Roy                 Evan McEneny                                      60     1   2  2  
 2 Jacob Middleton          Joni Tuulola                                      40     1   2  2  

Penalty Kill 4 Players Forward 
   Center                   Wing                     Time % Phy DF OF 
 1 Christian Fischer        Drake Batherson          60     1   2  2  
 2 Cole Schneider           Brendan Leipsic          40     1   2  2  

Penalty Kill 4 Players Defense
   Defense                  Defense                  Time % Phy DF OF 
 1 Matt Roy                 Evan McEneny             60     1   2  2  
 2 Jacob Middleton          Joni Tuulola             40     1   2  2  

Penalty Kill - 3 Players Forward 
   Forward                                           Time % Phy DF OF 
 1 Christian Fischer                                 60     1   2  2  
 2 Drake Batherson                                   40     1   2  2  

Penalty Kill - 3 Players Defense
   Defense                  Defense                  Time % Phy DF OF 
 1 Matt Roy                 Evan McEneny             60     1   2  2  
 2 Jacob Middleton          Joni Tuulola             40     1   2  2  

4 vs 4 Forward 
   Center                   Wing                     Time % Phy DF OF 
 1 Christian Fischer        Drake Batherson          60     1   2  2  
 2 Cole Schneider           Brendan Leipsic          40     1   2  2  

4 vs 4 Defense
   Defense                  Defense                  Time % Phy DF OF 
 1 Matt Roy                 Evan McEneny             60     1   2  2  
 2 Jacob Middleton          Joni Tuulola             40     1   2  2  

Last Minutes Offensive
   Center                   Left Wing                Right Wing               Defense                  Defense                  
   Christian Fischer        Cole Schneider           Drake Batherson          Matt Roy                 Evan McEneny             

Last Minutes Defensive
   Center                   Left Wing                Right Wing               Defense                  Defense                  
   Christian Fischer        Cole Schneider           Drake Batherson          Matt Roy                 Evan McEneny             

Goaltenders
Starting : Colton Phinney           
Backup : C.J. Motte               

Extra Forwards
Normal : Joona Koppanen, Justin Dowling, Michael Bunting - PP : Joona Koppanen, Justin Dowling - PK : Michael Bunting
Extra Defensemen
Normal : Patrick Sieloff, Andrew O'Brien, Jacob Middleton - PP : Patrick Sieloff - PK : Andrew O'Brien, Jacob Middleton
Penalty Shots
Christian Fischer, Drake Batherson, Cole Schneider, Brendan Leipsic, Par Lindholm

Scratches
Kerby Rychel (Healthy), Ty Rattie (Healthy), Dylan Sadowy (Healthy), Filip Sandberg (Healthy), Harri Sateri (Healthy)

Philadelphia Phantoms

5 vs 5 Forward 
   Center                   Left Wing                Right Wing               Time % Phy DF OF 
 1 Zac Dalpe                Joshua Ho-Sang           Dale Weise               40     1   2  2  
 2 Martin Necas             Warren Foegele           A.J. Greer               30     1   2  2  
 3 Lias Andersson           Dryden Hunt              Zac Dalpe                20     1   2  2  
 4 German Rubtsov           Ty Lewis                 Dale Weise               10     1   2  2  

5 vs 5 Defense 
   Defense                  Defense                                           Time % Phy DF OF 
 1 Dennis Cholowski         Juuso Valimaki                                    40     1   2  2  
 2 Jake Bean                Dakota Mermis                                     30     1   2  2  
 3 Dean Kukan               Emil Johansson                                    20     1   2  2  
 4 Dennis Cholowski         Juuso Valimaki                                    10     1   2  2  

PowerPlay Forward 
   Center                   Left Wing                Right Wing               Time % Phy DF OF 
 1 Zac Dalpe                Joshua Ho-Sang           Dale Weise               60     1   2  2  
 2 Martin Necas             Warren Foegele           A.J. Greer               40     1   2  2  

PowerPlay Defense
   Defense                  Defense                                           Time % Phy DF OF 
 1 Dennis Cholowski         Juuso Valimaki                                    60     1   2  2  
 2 Jake Bean                Dakota Mermis                                     40     1   2  2  

Penalty Kill 4 Players Forward 
   Center                   Wing                     Time % Phy DF OF 
 1 Zac Dalpe                Dale Weise               60     1   2  2  
 2 Joshua Ho-Sang           Martin Necas             40     1   2  2  

Penalty Kill 4 Players Defense
   Defense                  Defense                  Time % Phy DF OF 
 1 Dennis Cholowski         Juuso Valimaki           60     1   2  2  
 2 Jake Bean                Dakota Mermis            40     1   2  2  

Penalty Kill - 3 Players Forward 
   Forward                                           Time % Phy DF OF 
 1 Zac Dalpe                                         60     1   2  2  
 2 Dale Weise                                        40     1   2  2  

Penalty Kill - 3 Players Defense
   Defense                  Defense                  Time % Phy DF OF 
 1 Dennis Cholowski         Juuso Valimaki           60     1   2  2  
 2 Jake Bean                Dakota Mermis            40     1   2  2  

4 vs 4 Forward 
   Center                   Wing                     Time % Phy DF OF 
 1 Zac Dalpe                Dale Weise               60     1   2  2  
 2 Joshua Ho-Sang           Martin Necas             40     1   2  2  

4 vs 4 Defense
   Defense                  Defense                  Time % Phy DF OF 
 1 Dennis Cholowski         Juuso Valimaki           60     1   2  2  
 2 Jake Bean                Dakota Mermis            40     1   2  2  

Last Minutes Offensive
   Center                   Left Wing                Right Wing               Defense                  Defense                  
   Zac Dalpe                Joshua Ho-Sang           Dale Weise               Dennis Cholowski         Juuso Valimaki           

Last Minutes Defensive
   Center                   Left Wing                Right Wing               Defense                  Defense                  
   Zac Dalpe                Joshua Ho-Sang           Dale Weise               Dennis Cholowski         Juuso Valimaki           

Goaltenders
Starting : Oscar Dansk              
Backup : Tristan Jarry            

Extra Forwards
Normal : Dennis Yan, Ryan Kuffner, Lias Andersson - PP : Dennis Yan, Ryan Kuffner - PK : Lias Andersson
Extra Defensemen
Normal : Dean Kukan, Emil Johansson, Jake Bean - PP : Dean Kukan - PK : Emil Johansson, Jake Bean
Penalty Shots
Zac Dalpe, Dale Weise, Joshua Ho-Sang, Martin Necas, Lias Andersson

Scratches
Givani Smith (Healthy), Jon Martin (Healthy), Hudson Elynuik (Healthy), Alex Lyon (Healthy), Connor LaCouvee (Healthy)
Hunter Miska (Healthy), Ilya Samsonov (Healthy), Kevin Lankinen (Healthy)

% Time on Ice - Bridgeport Sound Tigers

Lines # - Real PCT - Wanted PCT - Time Play
Normal Forward
1 - 29% - 35% - 14:14
2 - 26% - 30% - 12:38
3 - 24% - 20% - 11:41
4 - 21% - 15% - 10:13
Normal Defense
1 - 37% - 40% - 18:02
2 - 33% - 30% - 16:16
3 - 28% - 20% - 13:39
4 - 2% - 10% - 0:49
PP Forward
1 - 63% - 60% - 3:46
2 - 37% - 40% - 2:11
PP Defense
1 - 68% - 60% - 4:01
2 - 32% - 40% - 1:56
PK Forward
1 - 88% - 60% - 3:36
2 - 12% - 40% - 0:29
PK Defense
1 - 57% - 60% - 2:20
2 - 43% - 40% - 1:45
PK3 Forward
1 - 0% - 60%
2 - 0% - 40%
PK3 Defense
1 - 0% - 60%
2 - 0% - 40%
44 Forward
1 - 0% - 60%
2 - 0% - 40%
44 Defense
1 - 0% - 60%
2 - 0% - 40%
Last Minute Offensive  - 0:00
Last Minute Defensive  - 1:12
Total
Forward - 60:00
Defense - 60:00

% Time on Ice - Philadelphia Phantoms

Lines # - Real PCT - Wanted PCT - Time Play
Normal Forward
1 - 25% - 40% - 12:23
2 - 34% - 30% - 16:45
3 - 22% - 20% - 10:32
4 - 19% - 10% - 9:09
Normal Defense
1 - 38% - 40% - 18:20
2 - 33% - 30% - 15:57
3 - 26% - 20% - 12:42
4 - 4% - 10% - 1:50
PP Forward
1 - 58% - 60% - 2:23
2 - 42% - 40% - 1:42
PP Defense
1 - 60% - 60% - 2:26
2 - 40% - 40% - 1:39
PK Forward
1 - 82% - 60% - 4:54
2 - 18% - 40% - 1:03
PK Defense
1 - 60% - 60% - 3:34
2 - 40% - 40% - 2:23
PK3 Forward
1 - 0% - 60%
2 - 0% - 40%
PK3 Defense
1 - 0% - 60%
2 - 0% - 40%
44 Forward
1 - 0% - 60%
2 - 0% - 40%
44 Defense
1 - 0% - 60%
2 - 0% - 40%
Last Minute Offensive  - 1:09
Last Minute Defensive  - 0:00
Total
Forward - 60:00
Defense - 60:00

Play-by-Play

1st period


0:01 of 1st period - Zac Dalpe wins face-off versus Christian Fischer in neutral zone.
0:35 of 1st period - Wrist shot by Brendan Leipsic.
0:35 of 1st period - Stopped by Oscar Dansk with a rebound.
0:37 of 1st period - Slapshot by Evan McEneny.
0:37 of 1st period - Shot Misses the Net.
0:39 of 1st period - Slapshot by Matt Roy.
0:39 of 1st period - Shot Misses the Net.
0:41 of 1st period - Snap shot by Justin Scott.
0:41 of 1st period - Shot Misses the Net.
1:51 of 1st period - Snap shot by Par Lindholm.
1:51 of 1st period - Shot Blocked by Zac Dalpe.
1:53 of 1st period - Wrist shot by Justin Scott.
1:53 of 1st period - Stopped by Oscar Dansk with a rebound.
2:00 of 1st period - Icing by Emil Johansson.
2:01 of 1st period - Justin Dowling wins face-off versus Lias Andersson in Philadelphia Phantoms zone.
2:22 of 1st period - Slapshot by Zac Dalpe.
2:22 of 1st period - Shot Blocked by Jacob Middleton.
2:28 of 1st period - Backhand shot by Zac Dalpe.
2:28 of 1st period - Stopped by Colton Phinney with a rebound.
2:58 of 1st period - Wrist shot by Michael Bunting.
2:58 of 1st period - Shot Misses the Net.
3:06 of 1st period - Slapshot by Michael Bunting.
3:06 of 1st period - Stopped by Oscar Dansk with a rebound.
4:27 of 1st period - Slapshot by Justin Dowling.
4:27 of 1st period - Stopped by Oscar Dansk with a rebound.
4:29 of 1st period - Slapshot by Joni Tuulola.
4:29 of 1st period - Stopped by Oscar Dansk with a rebound.
4:31 of 1st period - Wrist shot by Joni Tuulola.
4:31 of 1st period - Shot Blocked by Lias Andersson.
4:33 of 1st period - Snap shot by Michael Bunting.
4:33 of 1st period - Goal by Michael Bunting - Bridgeport Sound Tigers : 1 - Philadelphia Phantoms : 0.
4:34 of 1st period - Christian Fischer wins face-off versus Martin Necas in neutral zone.
4:39 of 1st period - Snap shot by Christian Fischer.
4:39 of 1st period - Deflect By Juuso Valimaki.
4:39 of 1st period - Shot Misses the Net.
4:39 of 1st period - Puck is out of play.
4:40 of 1st period - Martin Necas wins face-off versus Christian Fischer in Philadelphia Phantoms zone.
7:00 of 1st period - Joshua Ho-Sang is hit by Ryan Lomberg and loses puck.
8:03 of 1st period - Dakota Mermis is hit by Steven Lorentz and loses puck.
9:33 of 1st period - Icing by Ryan Lomberg.
9:34 of 1st period - Zac Dalpe wins face-off versus Steven Lorentz in Bridgeport Sound Tigers zone.
9:45 of 1st period - Dakota Mermis is hit by Brendan Leipsic.
9:49 of 1st period - Dale Weise is hit by Brendan Leipsic and loses puck.
10:39 of 1st period - Justin Dowling is hit by Warren Foegele.
12:33 of 1st period - Snap shot by Par Lindholm.
12:33 of 1st period - Stopped by Oscar Dansk with a rebound.
12:35 of 1st period - Wrist shot by Par Lindholm.
12:35 of 1st period - Stopped by Oscar Dansk with a rebound.
12:37 of 1st period - Slapshot by Jacob Middleton.
12:37 of 1st period - Stopped by Oscar Dansk with a rebound.
12:39 of 1st period - Wrist shot by Par Lindholm.
12:39 of 1st period - Goal by Par Lindholm - Bridgeport Sound Tigers : 2 - Philadelphia Phantoms : 0.
12:40 of 1st period - Martin Necas wins face-off versus Christian Fischer in neutral zone.
12:49 of 1st period - Wrist shot by Christian Fischer.
12:49 of 1st period - Shot Misses the Net.
13:12 of 1st period - Dakota Mermis is hit by Steven Lorentz and loses puck.
13:33 of 1st period - Snap shot by Brendan Leipsic.
13:33 of 1st period - Stopped by Oscar Dansk with a rebound.
13:35 of 1st period - Wrist shot by Brendan Leipsic.
13:35 of 1st period - Shot Blocked by Martin Necas.
13:51 of 1st period - Snap shot by Zac Dalpe.
13:51 of 1st period - Shot Misses the Net.
14:07 of 1st period - Wrist shot by Zac Dalpe.
14:07 of 1st period - Shot Misses the Net.
14:09 of 1st period - Snap shot by Zac Dalpe.
14:09 of 1st period - Shot Misses the Net.
14:11 of 1st period - Snap shot by Zac Dalpe.
14:11 of 1st period - Shot Blocked by Cole Schneider.
14:27 of 1st period - Wrist shot by Ryan Lomberg.
14:27 of 1st period - Shot Misses the Net.
14:30 of 1st period - Icing by Juuso Valimaki.
14:31 of 1st period - Dale Weise wins face-off versus Brendan Leipsic in Philadelphia Phantoms zone.
14:36 of 1st period - Snap shot by Dale Weise.
14:36 of 1st period - Stopped by Colton Phinney with a rebound.
15:11 of 1st period - Joona Koppanen is hit by German Rubtsov and loses puck.
15:42 of 1st period - Brendan Leipsic is hit by Zac Dalpe and loses puck.
16:02 of 1st period - Drake Batherson is hit by A.J. Greer and loses puck.
16:13 of 1st period - Snap shot by German Rubtsov.
16:13 of 1st period - Shot Blocked by Patrick Sieloff.
16:47 of 1st period - Slapshot by Michael Bunting.
16:47 of 1st period - Shot Blocked by Jake Bean.
16:49 of 1st period - Wrist shot by Andrew O'Brien.
16:49 of 1st period - Shot Misses the Net.
16:51 of 1st period - Snap shot by Justin Dowling.
16:51 of 1st period - Stopped by Oscar Dansk with a rebound.
17:13 of 1st period - Minor Penalty to Emil Johansson for Hooking.
17:14 of 1st period - Zac Dalpe wins face-off versus Christian Fischer in Philadelphia Phantoms zone.
19:13 of 1st period - Penalty to Emil Johansson is over, Emil Johansson is back on ice.
19:19 of 1st period - Martin Necas is hit by Evan McEneny and loses puck.
19:44 of 1st period - Snap shot by German Rubtsov.
19:44 of 1st period - Shot Misses the Net.
Goals for this period are 2 for Bridgeport Sound Tigers vs 0 for Philadelphia Phantoms.
Shots for this period are 12 for Bridgeport Sound Tigers vs 2 for Philadelphia Phantoms.

2nd period


0:01 of 2nd period - Zac Dalpe wins face-off versus Christian Fischer in neutral zone.
0:10 of 2nd period - Snap shot by Joshua Ho-Sang.
0:10 of 2nd period - Stopped by Colton Phinney without a rebound.
0:11 of 2nd period - Zac Dalpe wins face-off versus Drake Batherson in Bridgeport Sound Tigers zone.
0:12 of 2nd period - Snap shot by Joshua Ho-Sang.
0:12 of 2nd period - Shot Blocked by Evan McEneny.
0:14 of 2nd period - Wrist shot by Dale Weise.
0:14 of 2nd period - Stopped by Colton Phinney without a rebound.
0:15 of 2nd period - Christian Fischer wins face-off versus Zac Dalpe in Bridgeport Sound Tigers zone.
1:02 of 2nd period - Snap shot by Dale Weise.
1:02 of 2nd period - Stopped by Colton Phinney without a rebound.
1:03 of 2nd period - Christian Fischer wins face-off versus Martin Necas in Bridgeport Sound Tigers zone.
1:22 of 2nd period - Minor Penalty to Drake Batherson for Hooking.
1:23 of 2nd period - Zac Dalpe wins face-off versus Christian Fischer in Bridgeport Sound Tigers zone.
1:25 of 2nd period - Backhand shot by Joshua Ho-Sang.
1:25 of 2nd period - Stopped by Colton Phinney with a rebound.
1:27 of 2nd period - Snap shot by Joshua Ho-Sang.
1:27 of 2nd period - Shot Blocked by Michael Bunting.
1:29 of 2nd period - Slapshot by Dennis Cholowski.
1:29 of 2nd period - Goal by Dennis Cholowski - Bridgeport Sound Tigers : 2 - Philadelphia Phantoms : 1.
1:30 of 2nd period - Zac Dalpe wins face-off versus Brendan Leipsic in neutral zone.
1:44 of 2nd period - Snap shot by Par Lindholm.
1:44 of 2nd period - Shot Misses the Net.
1:46 of 2nd period - Wrist shot by Par Lindholm.
1:46 of 2nd period - Deflect By Brendan Leipsic.
1:46 of 2nd period - Stopped by Oscar Dansk with a rebound.
2:20 of 2nd period - Wrist shot by Dryden Hunt.
2:20 of 2nd period - Shot Misses the Net.
2:22 of 2nd period - Slapshot by Dryden Hunt.
2:22 of 2nd period - Deflect By Zac Dalpe.
2:22 of 2nd period - Stopped by Colton Phinney with a rebound.
2:24 of 2nd period - Wrist shot by Dryden Hunt.
2:24 of 2nd period - Shot Blocked by Joona Koppanen.
2:30 of 2nd period - Minor Penalty to Jacob Middleton for Tripping.
2:31 of 2nd period - Zac Dalpe wins face-off versus Christian Fischer in Bridgeport Sound Tigers zone.
2:40 of 2nd period - Snap shot by Joshua Ho-Sang.
2:40 of 2nd period - Shot Blocked by Drake Batherson.
2:42 of 2nd period - Snap shot by Dale Weise.
2:42 of 2nd period - Deflect By Joshua Ho-Sang.
2:42 of 2nd period - Stopped by Colton Phinney with a rebound.
2:44 of 2nd period - Snap shot by Zac Dalpe.
2:44 of 2nd period - Shot Blocked by Christian Fischer.
2:46 of 2nd period - Snap shot by Dale Weise.
2:46 of 2nd period - Shot Blocked by Christian Fischer.
3:01 of 2nd period - Wrist shot by Warren Foegele.
3:01 of 2nd period - Stopped by Colton Phinney without a rebound.
3:02 of 2nd period - Martin Necas wins face-off versus Christian Fischer in Bridgeport Sound Tigers zone.
3:05 of 2nd period - Wrist shot by A.J. Greer.
3:05 of 2nd period - Stopped by Colton Phinney with a rebound.
4:30 of 2nd period - Penalty to Jacob Middleton is over, Jacob Middleton is back on ice.
4:37 of 2nd period - Snap shot by Par Lindholm.
4:37 of 2nd period - Shot Blocked by Lias Andersson.
4:47 of 2nd period - Snap shot by Lias Andersson.
4:47 of 2nd period - Shot Misses the Net.
4:53 of 2nd period - Lias Andersson is hit by Justin Dowling and loses puck.
5:10 of 2nd period - Dakota Mermis is hit by Andrew O'Brien and loses puck.
5:35 of 2nd period - Dakota Mermis is hit by Justin Scott and loses puck.
5:48 of 2nd period - Snap shot by German Rubtsov.
5:48 of 2nd period - Stopped by Colton Phinney with a rebound.
5:52 of 2nd period - Wrist shot by German Rubtsov.
5:52 of 2nd period - Stopped by Colton Phinney with a rebound.
6:18 of 2nd period - Slapshot by Drake Batherson.
6:18 of 2nd period - Shot Misses the Net.
6:30 of 2nd period - Snap shot by Steven Lorentz.
6:30 of 2nd period - Shot Misses the Net.
6:54 of 2nd period - Slapshot by Martin Necas.
6:54 of 2nd period - Stopped by Colton Phinney with a rebound.
6:56 of 2nd period - Wrist shot by Martin Necas.
6:56 of 2nd period - Shot Misses the Net.
7:32 of 2nd period - Snap shot by Par Lindholm.
7:32 of 2nd period - Deflect By Brendan Leipsic.
7:32 of 2nd period - Shot Misses the Net.
7:32 of 2nd period - Puck is out of play.
7:33 of 2nd period - German Rubtsov wins face-off versus Drake Batherson in Philadelphia Phantoms zone.
7:33 of 2nd period - German Rubtsov is hit by Christian Fischer.
7:39 of 2nd period - Snap shot by Ty Lewis.
7:39 of 2nd period - Stopped by Colton Phinney without a rebound.
7:40 of 2nd period - Warren Foegele wins face-off versus Christian Fischer in Bridgeport Sound Tigers zone.
8:15 of 2nd period - Snap shot by Michael Bunting.
8:15 of 2nd period - Shot Misses the Net.
8:17 of 2nd period - Slapshot by Andrew O'Brien.
8:17 of 2nd period - Shot Blocked by Juuso Valimaki.
8:49 of 2nd period - Slapshot by German Rubtsov.
8:49 of 2nd period - Stopped by Colton Phinney with a rebound.
8:51 of 2nd period - Slapshot by Juuso Valimaki.
8:51 of 2nd period - Stopped by Colton Phinney with a rebound.
9:15 of 2nd period - Drake Batherson is hit by Dakota Mermis and loses puck.
9:26 of 2nd period - Snap shot by A.J. Greer.
9:26 of 2nd period - Shot Blocked by Matt Roy.
9:28 of 2nd period - Slapshot by Dakota Mermis.
9:28 of 2nd period - Stopped by Colton Phinney with a rebound.
9:47 of 2nd period - Off-side.
9:48 of 2nd period - German Rubtsov wins face-off versus Steven Lorentz in neutral zone.
9:52 of 2nd period - Off-side.
9:53 of 2nd period - Steven Lorentz wins face-off versus A.J. Greer in neutral zone.
9:56 of 2nd period - Emil Johansson is hit by Joona Koppanen and loses puck.
10:11 of 2nd period - Slapshot by Steven Lorentz.
10:11 of 2nd period - Shot Misses the Net.
10:31 of 2nd period - Snap shot by Warren Foegele.
10:31 of 2nd period - Stopped by Colton Phinney without a rebound.
10:32 of 2nd period - Christian Fischer wins face-off versus Zac Dalpe in Bridgeport Sound Tigers zone.
10:42 of 2nd period - Slapshot by Dennis Cholowski.
10:42 of 2nd period - Stopped by Colton Phinney with a rebound.
10:52 of 2nd period - Christian Fischer is hit by Dale Weise and loses puck.
11:11 of 2nd period - Wrist shot by Zac Dalpe.
11:11 of 2nd period - Deflect By Joshua Ho-Sang.
11:11 of 2nd period - Shot Blocked by Andrew O'Brien.
11:11 of 2nd period - Puck is out of play.
11:12 of 2nd period - Brendan Leipsic wins face-off versus Martin Necas in Bridgeport Sound Tigers zone.
11:37 of 2nd period - Lias Andersson is hit by Justin Dowling and loses puck.
12:18 of 2nd period - Icing by Dakota Mermis.
12:19 of 2nd period - Christian Fischer wins face-off versus Martin Necas in Philadelphia Phantoms zone.
12:44 of 2nd period - Juuso Valimaki is hit by Evan McEneny.
12:49 of 2nd period - Minor Penalty to Joshua Ho-Sang for Roughing.
12:50 of 2nd period - Zac Dalpe wins face-off versus Christian Fischer in Philadelphia Phantoms zone.
13:00 of 2nd period - Wrist shot by Zac Dalpe.
13:00 of 2nd period - Shot Blocked by Matt Roy.
13:16 of 2nd period - Dale Weise is hit by Par Lindholm.
13:47 of 2nd period - Dale Weise is hit by Justin Scott and loses puck.
13:54 of 2nd period - Wrist shot by Par Lindholm.
13:54 of 2nd period - Shot Misses the Net.
14:49 of 2nd period - Penalty to Joshua Ho-Sang is over, Joshua Ho-Sang is back on ice.
14:58 of 2nd period - Snap shot by Martin Necas.
14:58 of 2nd period - Stopped by Colton Phinney with a rebound.
15:24 of 2nd period - Steven Lorentz is hit by Joshua Ho-Sang and loses puck.
16:02 of 2nd period - A.J. Greer is hit by Christian Fischer.
16:12 of 2nd period - Par Lindholm is hit by Ty Lewis and loses puck.
16:41 of 2nd period - Dakota Mermis is hit by Mathieu Olivier and loses puck.
17:04 of 2nd period - Jacob Middleton is hit by Juuso Valimaki and loses puck.
17:15 of 2nd period - Steven Lorentz is hit by German Rubtsov.
18:56 of 2nd period - Dennis Cholowski is hit by Evan McEneny and loses puck.
19:07 of 2nd period - Snap shot by Zac Dalpe.
19:07 of 2nd period - Stopped by Colton Phinney with a rebound.
19:09 of 2nd period - Snap shot by Joshua Ho-Sang.
19:09 of 2nd period - Shot Misses the Net.
19:11 of 2nd period - Snap shot by Zac Dalpe.
19:11 of 2nd period - Stopped by Colton Phinney with a rebound.
19:13 of 2nd period - Wrist shot by Ryan Kuffner.
19:13 of 2nd period - Goal by Ryan Kuffner - Bridgeport Sound Tigers : 2 - Philadelphia Phantoms : 2.
19:14 of 2nd period - Zac Dalpe wins face-off versus Christian Fischer in neutral zone.
19:17 of 2nd period - Slapshot by Jake Bean.
19:17 of 2nd period - Stopped by Colton Phinney with a rebound.
19:39 of 2nd period - Brendan Leipsic is hit by A.J. Greer and loses puck.
19:48 of 2nd period - Wrist shot by Martin Necas.
19:48 of 2nd period - Goal by Martin Necas - Bridgeport Sound Tigers : 2 - Philadelphia Phantoms : 3.
19:49 of 2nd period - Christian Fischer wins face-off versus Zac Dalpe in neutral zone.
19:59 of 2nd period - Snap shot by Joshua Ho-Sang.
19:59 of 2nd period - Stopped by Colton Phinney without a rebound.
Goals for this period are 0 for Bridgeport Sound Tigers vs 3 for Philadelphia Phantoms.
Shots for this period are 1 for Bridgeport Sound Tigers vs 25 for Philadelphia Phantoms.

3rd period


0:01 of 3rd period - Zac Dalpe wins face-off versus Christian Fischer in neutral zone.
0:26 of 3rd period - A.J. Greer is hit by Brendan Leipsic.
0:32 of 3rd period - Slapshot by Brendan Leipsic.
0:32 of 3rd period - Goal by Brendan Leipsic - Bridgeport Sound Tigers : 3 - Philadelphia Phantoms : 3.
0:33 of 3rd period - Dale Weise wins face-off versus Christian Fischer in neutral zone.
0:36 of 3rd period - Slapshot by Dennis Cholowski.
0:36 of 3rd period - Stopped by Colton Phinney with a rebound.
0:47 of 3rd period - Dennis Cholowski is hit by Evan McEneny and loses puck.
0:54 of 3rd period - Minor Penalty to Christian Fischer for Hooking.
0:55 of 3rd period - Zac Dalpe wins face-off versus Michael Bunting in Bridgeport Sound Tigers zone.
1:01 of 3rd period - Snap shot by Joshua Ho-Sang.
1:01 of 3rd period - Stopped by Colton Phinney with a rebound.
1:03 of 3rd period - Snap shot by Zac Dalpe.
1:03 of 3rd period - Shot Misses the Net.
2:54 of 3rd period - Penalty to Christian Fischer is over, Christian Fischer is back on ice.
2:58 of 3rd period - Icing by Jacob Middleton.
2:59 of 3rd period - German Rubtsov wins face-off versus Brendan Leipsic in Bridgeport Sound Tigers zone.
3:40 of 3rd period - Warren Foegele is hit by Cole Schneider and loses puck.
4:26 of 3rd period - Slapshot by Ryan Lomberg.
4:26 of 3rd period - Shot Misses the Net.
5:18 of 3rd period - Wrist shot by Justin Dowling.
5:18 of 3rd period - Stopped by Oscar Dansk without a rebound.
5:19 of 3rd period - Martin Necas wins face-off versus Christian Fischer in Philadelphia Phantoms zone.
5:26 of 3rd period - Matt Roy is hit by Martin Necas and loses puck.
5:43 of 3rd period - Drake Batherson is hit by Zac Dalpe and loses puck.
6:06 of 3rd period - Wrist shot by Brendan Leipsic.
6:06 of 3rd period - Goal by Brendan Leipsic - Bridgeport Sound Tigers : 4 - Philadelphia Phantoms : 3.
6:07 of 3rd period - Zac Dalpe wins face-off versus Brendan Leipsic in neutral zone.
6:32 of 3rd period - Par Lindholm is hit by Martin Necas and loses puck.
6:39 of 3rd period - Wrist shot by Warren Foegele.
6:39 of 3rd period - Goal by Warren Foegele - Bridgeport Sound Tigers : 4 - Philadelphia Phantoms : 4.
6:40 of 3rd period - Christian Fischer wins face-off versus Joshua Ho-Sang in neutral zone.
6:44 of 3rd period - Minor Penalty to Dale Weise for Tripping.
6:45 of 3rd period - Zac Dalpe wins face-off versus Christian Fischer in Philadelphia Phantoms zone.
7:12 of 3rd period - Christian Fischer is hit by Dennis Yan and loses puck.
7:29 of 3rd period - Wrist shot by Drake Batherson.
7:29 of 3rd period - Shot Misses the Net.
7:39 of 3rd period - Cole Schneider is hit by Zac Dalpe and loses puck.
7:54 of 3rd period - Jacob Middleton is hit by Dennis Cholowski and loses puck.
8:11 of 3rd period - Slapshot by Drake Batherson.
8:11 of 3rd period - Shot Blocked by Lias Andersson.
8:44 of 3rd period - Penalty to Dale Weise is over, Dale Weise is back on ice.
8:45 of 3rd period - Dennis Yan is hit by Par Lindholm and loses puck.
9:05 of 3rd period - Icing by Martin Necas.
9:06 of 3rd period - Steven Lorentz wins face-off versus Martin Necas in Philadelphia Phantoms zone.
9:58 of 3rd period - Matt Roy is hit by Zac Dalpe and loses puck.
10:19 of 3rd period - Wrist shot by Dryden Hunt.
10:19 of 3rd period - Stopped by Colton Phinney with a rebound.
11:16 of 3rd period - Icing by Dale Weise.
11:17 of 3rd period - Dennis Yan wins face-off versus Christian Fischer in Philadelphia Phantoms zone.
11:22 of 3rd period - Snap shot by Dean Kukan.
11:22 of 3rd period - Stopped by Colton Phinney without a rebound.
11:23 of 3rd period - Christian Fischer wins face-off versus Dennis Yan in Bridgeport Sound Tigers zone.
11:30 of 3rd period - Wrist shot by Drake Batherson.
11:30 of 3rd period - Stopped by Oscar Dansk without a rebound.
11:31 of 3rd period - Zac Dalpe wins face-off versus Christian Fischer in Philadelphia Phantoms zone.
11:36 of 3rd period - Snap shot by Drake Batherson.
11:36 of 3rd period - Stopped by Oscar Dansk without a rebound.
11:37 of 3rd period - Zac Dalpe wins face-off versus Christian Fischer in Philadelphia Phantoms zone.
11:48 of 3rd period - Slapshot by Matt Roy.
11:48 of 3rd period - Shot Blocked by Dennis Cholowski.
12:30 of 3rd period - Slapshot by Justin Dowling.
12:30 of 3rd period - Shot Misses the Net.
12:32 of 3rd period - Snap shot by Michael Bunting.
12:32 of 3rd period - Stopped by Oscar Dansk without a rebound.
12:33 of 3rd period - Martin Necas wins face-off versus Christian Fischer in Philadelphia Phantoms zone.
12:40 of 3rd period - Snap shot by A.J. Greer.
12:40 of 3rd period - Shot Misses the Net.
13:06 of 3rd period - Justin Scott is hit by Dakota Mermis and loses puck.
13:44 of 3rd period - Wrist shot by A.J. Greer.
13:44 of 3rd period - Stopped by Colton Phinney with a rebound.
14:09 of 3rd period - Wrist shot by Brendan Leipsic.
14:09 of 3rd period - Shot Misses the Net.
14:39 of 3rd period - Wrist shot by Lias Andersson.
14:39 of 3rd period - Shot Misses the Net.
16:31 of 3rd period - Snap shot by Joona Koppanen.
16:31 of 3rd period - Shot Misses the Net.
17:29 of 3rd period - Slapshot by Evan McEneny.
17:29 of 3rd period - Stopped by Oscar Dansk with a rebound.
17:31 of 3rd period - Snap shot by Ryan Lomberg.
17:31 of 3rd period - Goal by Ryan Lomberg - Bridgeport Sound Tigers : 5 - Philadelphia Phantoms : 4.
17:32 of 3rd period - Zac Dalpe wins face-off versus Christian Fischer in neutral zone.
17:47 of 3rd period - Jake Bean beats up Jacob Middleton.
17:47 of 3rd period - Penalty to Jake Bean for Fighting.
17:47 of 3rd period - Penalty to Jacob Middleton for Fighting.
17:48 of 3rd period - Justin Dowling wins face-off versus Lias Andersson in neutral zone.
17:57 of 3rd period - Wrist shot by Justin Dowling.
17:57 of 3rd period - Stopped by Oscar Dansk with a rebound.
18:34 of 3rd period - Snap shot by Brendan Leipsic.
18:34 of 3rd period - Stopped by Oscar Dansk with a rebound.
18:36 of 3rd period - Slapshot by Justin Scott.
18:36 of 3rd period - Stopped by Oscar Dansk with a rebound.
18:38 of 3rd period - Slapshot by Patrick Sieloff.
18:38 of 3rd period - Stopped by Oscar Dansk with a rebound.
19:00 of 3rd period - Philadelphia Phantoms, Oscar Dansk is pulled from the net.
19:28 of 3rd period - Wrist shot by Zac Dalpe.
19:28 of 3rd period - Stopped by Colton Phinney with a rebound.
19:30 of 3rd period - Slapshot by Dennis Cholowski.
19:30 of 3rd period - Shot Blocked by Joni Tuulola.
19:32 of 3rd period - Wrist shot by Zac Dalpe.
19:32 of 3rd period - Stopped by Colton Phinney with a rebound.
19:34 of 3rd period - Wrist shot by Zac Dalpe.
19:34 of 3rd period - Shot Misses the Net.
19:36 of 3rd period - Wrist shot by Dale Weise.
19:36 of 3rd period - Deflect By Joshua Ho-Sang.
19:36 of 3rd period - Stopped by Colton Phinney with a rebound.
Goals for this period are 3 for Bridgeport Sound Tigers vs 1 for Philadelphia Phantoms.
Shots for this period are 12 for Bridgeport Sound Tigers vs 9 for Philadelphia Phantoms.